 Dungeon Crawl Stone Soup version 0.30-a0-476-g330ca2eb8e (webtiles) character file.

Game seed: 8821945454552096200

62177 ragingrage the Thaumaturge (level 15, -4/115 HPs)
             Began as a Gnoll Earth Elementalist on Dec 21, 2022.
             Was the Champion of Cheibriados.
             Killed from afar by a tengu reaver (63 damage)
             ... with a bolt of cold
             ... on level 13 of the Dungeon.
             The game lasted 00:28:24 (25284 turns).

ragingrage the Thaumaturge (GnEE)                  Turns: 25284, Time: 00:28:25

Health: -4/115     AC: 15    Str: 24    XL:     15   Next: 5%
Magic:  6/30       EV: 22    Int: 34    God:    Cheibriados [******]
Gold:   2088       SH: 28    Dex: 33    Spells: 15/36 levels left

rFire   + + .      SeeInvis .    A - +10 dagger "Poyfyil" {drain, Drain Fly rElec Will+}
rCold   x . .      Faith    .    f - +7 tower shield of the Countless Brambles {Will+ Dex+4}
rNeg    . . .      Spirit   .    W - +3 leather armour {rF+}
rPois   .          Reflect  .    (no helmet)
rElec   +          Harm     .    s - +0 cloak
rCorr   .          Rampage  .    (no gloves)
Will    +++..                    Q - +1 pair of boots
Stlth   ++++++....               M - amulet of regeneration
HPRegen 1.19/turn                q - +4 ring of protection
MPRegen 0.22/turn                w - ring of fire

@: wereblooded, flying, very slow
A: fangs 1, strong nose, distributed training
a: Renounce Religion, Bend Time, Temporal Distortion, Slouch, Step From Time


You were on level 13 of the Dungeon.
You worshipped Cheibriados.
Cheibriados was exalted by your worship.
You visited 4 branches of the dungeon, and saw 21 of its levels.
You also visited: Volcano.

You collected 2316 gold pieces.
You spent 228 gold pieces at shops.

Inventory:

Hand Weapons
 y - the +11 long sword of Distant Worlds {protect, rPois rC+ Int+4}
   (You found it on level 2 of the Lair of Beasts)

   It grants its wielder temporary protection when it strikes (+7 to AC).
   Int:       It affects your intelligence (+4).
   rC:        It protects you from cold.
   rPois:     It protects you from poison.
 A - the +10 dagger "Poyfyil" (weapon) {drain, Drain Fly rElec Will+}
   (You found it on level 5 of the Dungeon)

   A truly terrible weapon, it drains the life of any living foe it strikes.
   rElec:     It insulates you from electricity.
   Fly:       It grants you flight.
   Drain:     It drains your maximum health when unequipped.
   Will:      It increases your willpower.
 P - the +9 arbalest "Deerudwy" {vorpal, rC+}
   (You found it on level 5 of the Lair of Beasts)

   Any ammunition fired from it inflicts extra damage upon your enemies.
   rC:        It protects you from cold.
 U - a +3 scimitar of flaming
 Y - the +8 war axe of Adwiulaph {elec, Drain rElec rCorr Dex+3}
   (You found it on level 3 of the Lair of Beasts)

   It occasionally discharges a powerful burst of electricity upon striking a
   foe.
   Dex:       It affects your dexterity (+3).
   rElec:     It insulates you from electricity.
   rCorr:     It protects you from acid and corrosion.
   Drain:     It drains your maximum health when unequipped.
Missiles
 v - 8 curare-tipped darts
 L - a throwing net
 R - 10 poisoned darts
Armour
 f - the +7 tower shield of the Countless Brambles (worn) {Will+ Dex+4}
   (You found it in a volcano)

   Dex:       It affects your dexterity (+4).
   Will:      It increases your willpower.
 s - a +0 cloak (worn)
 N - a +2 leather armour of cold resistance
 Q - a +1 pair of boots (worn)
 S - a +2 scale mail of willpower
 W - a +3 leather armour of fire resistance (worn)
Jewellery
 q - a +4 ring of protection (left hand)
 w - a ring of fire (right hand)
 x - a ring of wizardry
 E - a ring of poison resistance
 G - a ring of ice
 M - an amulet of regeneration (around neck)
Wands
 o - a wand of mindburst (25)
 B - a wand of iceblast (20)
 K - a wand of flame (15)
 T - a wand of quicksilver (1)
 X - a wand of polymorph (4)
Scrolls
 c - 3 scrolls of vulnerability
 d - 2 scrolls of silence {unknown}
 h - 2 scrolls of magic mapping {unknown}
 i - 7 scrolls of teleportation
 j - 2 scrolls of blinking {unknown}
 l - 4 scrolls of fear {unknown}
 p - 4 scrolls of enchant weapon
 r - 13 scrolls of identify
 D - 3 scrolls of fog {unknown}
 H - 2 scrolls of poison {unknown}
 I - 2 scrolls of immolation {unknown}
Potions
 b - a potion of magic
 e - 4 potions of mutation {unknown}
 g - 3 potions of haste
 k - a potion of lignification
 m - 6 potions of curing
 n - 3 potions of invisibility {unknown}
 t - 2 potions of degeneration {unknown}
 u - 2 potions of ambrosia {unknown}
 z - 2 potions of resistance
 C - 5 potions of attraction
 F - 7 potions of heal wounds
 J - 4 potions of might {unknown}
 O - 3 potions of berserk rage {unknown}
 Z - 2 potions of brilliance
Miscellaneous
 a - a lightning rod (1/4)
 V - a box of beasts (inert)


   Skills:
 + Level 10.1 Fighting
 + Level 10.1 Short Blades
 + Level 10.1 Long Blades
 + Level 10.1 Axes
 + Level 10.1 Maces & Flails
 + Level 10.1 Polearms
 + Level 10.1 Staves
 + Level 10.1 Ranged Weapons
 + Level 10.1 Throwing
 + Level 10.1 Armour
 + Level 11.1 Dodging
 + Level 10.9 Stealth
 + Level 10.1 Shields
 + Level 10.1 Unarmed Combat
 + Level 11.2 Spellcasting
 + Level 8.4 Conjurations
 + Level 8.4 Hexes
 + Level 8.4 Summonings
 + Level 8.4 Necromancy
 + Level 8.4 Translocations
 + Level 8.8 Transmutations
 + Level 8.4 Fire Magic
 + Level 8.4 Ice Magic
 + Level 8.4 Air Magic
 + Level 10.1 Earth Magic
 + Level 8.4 Poison Magic
 + Level 11.0 Invocations
 + Level 10.1 Evocations


You had 15 spell levels left.
You knew the following spells:

 Your Spells              Type           Power      Damage    Failure   Level
a - Wereblood             Tmut           68%        N/A       1%          2
b - Passwall              Tmut/Erth      58%        N/A       1%          2
c - Stone Arrow           Conj/Erth      100%       3d13      1%          3
d - Searing Ray           Conj           100%       2d8       1%          2
e - Sandblast             Erth           100%       2d20      1%          1
f - Vhi's Electric Charg  Tloc/Air       100%       N/A       1%          3
g - Summon Guardian Gole  Hex/Summ       67%        N/A       1%          3
h - Irradiate             Conj/Tmut      33%        3d22      13%         5

Your spell library contained the following spells:

 Spells                   Type           Power      Damage    Failure   Level
 Beastly Appendage        Tmut           100%       N/A       1%          1
 Magic Dart               Conj           100%       1d8       1%          1
 Summon Small Mammal      Summ           100%       N/A       1%          1
 Ensorcelled Hibernation  Hex/Ice        100%       N/A       1%          2
 Call Canine Familiar     Summ           67%        N/A       1%          3
 Ozocubu's Armour         Ice            67%        N/A       1%          3
 Spider Form              Tmut/Pois      67%        N/A       1%          3
 Petrify                  Tmut/Erth      70%        N/A       3%          4
 Anguish                  Hex/Necr       33%        N/A       4%          4
 Animate Dead             Necr           67%        N/A       4%          4
 Fulminant Prism          Conj/Hex       33%        3d16      4%          4
 Sticky Flame             Conj/Fire      86%        2d10      4%          4
 Arcjolt                  Conj/Air       33%        1d43      14%         5
 Dragon Form              Tmut           34%        N/A       98%         7
 Haunt                    Necr/Summ      33%        N/A       99%         7
 Ozocubu's Refrigeration  Ice            33%        4d14      99%         7
 Infestation              Necr           33%        N/A       100%        8
 Maxwell's Capacitive Co  Air            33%        ∞         100%        8


Dungeon Overview and Level Annotations

Branches:
Dungeon (13/15)            Temple (1/1) D:6            Lair (5/5) D:11
 Shoals (0/4) Lair:3       Spider (0/4) Lair:3        Slime (0/5) Lair:4
    Orc (2/2) D:12            Elf (0/3) Orc:2       Volcano (visited)
 Vaults: D:13-14

Altars:
Ashenzari
Cheibriados
Dithmenos
Elyvilon
Fedhas
Gozag
Hepliaklqana
Kikubaaqudgha
Makhleb
Nemelex Xobeh
Okawaru
Qazlal
Ru
Sif Muna
Trog
Uskayaw
Vehumet
Wu Jian
Xom
Yredelemnul
Zin
The Shining One
Jiyva
Lugonu

Shops:
D:9 :   Orc:1 :   Orc:2 [=![

Portals:
Abyss: Lair:5

Annotations:
Lair:3 2 runed translucent doors, MrSquiggles's ghost, journeyman MiFi


Innate Abilities, Weirdness & Mutations

You have very sharp teeth.
Your uncanny sense of smell can sniff out nearby items.
Your experience applies equally to all skills.


Message History

Activating: Slouch (1% risk of failure)
Press: ? - help, Dir - look around, f - activate You can feel time thicken for a moment.
You feel a bit better.
You kill the hell hound!
Cheibriados thoroughly appreciates the change of pace.
You kill the deep elf pyromancer!
Cheibriados appreciates the change of pace.
The fire elemental disappears in a puff of smoke!
Throw: 9 darts (curare)
Press: ? - help, Shift-Dir - straight line, f - tengu reaver
Aim: a tengu reaver, wielding a +5 vampiric glaive and wearing a +0 scale mail (moderately wounded, 63% to hit)
You throw a curare-tipped dart. Something misses you.
You block something's attack.
A cyclops comes into view.
Okay, then.
Okay, then.
Unknown command.
Unknown command.
You open the lid... ...and a juvenile batfire beast flies out!
The box is emptied!
You block something's attack. x2
The tengu reaver hits you from afar with a +5 vampiric glaive!!
The tengu reaver draws strength from your wounds!
Aiming: Thunderbolt
Press: ? - help, Shift-Dir - straight line, p - tengu reaver The thunderbolt hits the tengu reaver!
The tengu reaver is moderately wounded.
The thunderbolt hits something!
You feel a bit better.
Cheibriados thoroughly appreciates the change of pace.
Reactivating autopickup.
You feel a bit more experienced.
You hear an angry buzzing noise.
You hear a shout!
You hear an angry hiss.
You hear a shout!
The tengu reaver points at you and mumbles some strange words.
The bolt of cold hits your juvenile batfire beast!!!
Your juvenile batfire beast dies!
Your juvenile batfire beast's corpse disappears in a puff of smoke!
The bolt of cold hits you!!!
You feel a terrible chill!
Ouch! That really hurt!
You die...

∆ #.. .. #.# .# .. #.##.# #..
#..#.###... ##♣ ♣### ###
#.......... ... .C.♣♣♣ ♣.♣
#....(.....
♣♣♣.♣♣♣♣)Q♣♣♣♣.♣♣#..........
..~○○☼§∆♣§@..♣.............
.♣♣♣♣T○§§§..♣♣♣♣.♣♣#.......#.
♣....[○○○)♣♣♣ ♣.♣ #..######
####################.##
#[..........## #....<......#
##.....#....# ##...##....#
###########


You could see a tengu reaver and a cyclops.

Vanquished Creatures
  A stone giant (Volcano)
  Azrael (D:13)
  5 hydras
  3 two-headed ogres
  2 centaur warriors (D:13)
  A boulder beetle (D:12)
  2 death yaks (Lair:4)
  2 thrashing horrors (Lair:5)
  5 deep elf pyromancers
  5 orc sorcerers (Orc:2)
  2 oklob plants (D:11)
  6 ugly things
  A cyclops (D:11)
  A manticore (D:12)
  6 elephants (Lair:3)
  2 smoke demons (Lair:5)
  6 black mambas
  Psyche (D:8)
  A torpor snail (Lair:4)
  2 gargoyles
  10 cane toads
  2 rime drakes (Lair:3)
  An efreet (Volcano)
  6 komodo dragons
  3 ancient zymes (Lair:5)
  2 merfolk (Lair:3)
  5 trolls
  A hornet (D:8)
  A troll (shapeshifter) (Lair:5)
  3 polar bears
  17 blink frogs
  6 dream sheep (Lair:3)
  5 slime creatures
  A culicivora (Lair:3)
  A spriggan (Lair:5)
  A ynoxinul (Lair:5)
  A spriggan (shapeshifter) (Lair:5)
  A shadow (D:11)
  3 wraiths
  50 yaks
  A vampire (D:13)
  3 wyverns
  4 basilisks (Lair:5)
  4 fire bats (Lair:3)
  4 fire elementals (Volcano)
  A golden eye (shapeshifter) (Lair:5)
  9 small abominations (Lair:5)
  8 vampire mosquitoes
  Edmund (D:6)
  10 water moccasins
  11 wargs
  3 acid dragons
  2 hell hounds (D:13)
  A large abomination (Lair:5)
  12 orc warriors
  6 black bears
  A sky beast (D:7)
  2 ice beasts
  6 ogres
  21 wolves
  4 centaurs
  A phantom (D:6)
  A kobold brigand (D:10)
  7 bullfrogs
  3 necrophages
  A gnoll sergeant (D:9)
  3 scorpions
  15 wights
  21 killer bees
  6 electric eels (D:12)
  4 howler monkeys (D:10)
  2 lava snakes (Lair:3)
  A jelly (D:6)
  3 hounds
  3 gnoll boudas
  7 orc priests
  Jessica (D:2)
  7 iguanas
  39 orc wizards
  Natasha (thrice) (D:2)
  10 hell rats
  16 gnolls
  3 adders
  12 river rats (Lair:1)
  2 shadow imps
  A white imp (D:7)
  4 worms
  2 dart slugs
  91 orcs
  4 bats
  4 endoplasms
  3 giant cockroaches
  5 goblins
  5 hobgoblins
  19 jackals
  8 kobolds
  7 quokkas
  A ball python (shapeshifter) (Lair:5)
  4 ball pythons
  2 frilled lizards (D:1)
  13 rats
  A spectral orc (D:5)
634 creatures vanquished.

Vanquished Creatures (others)
  A hydra (D:13)
  2 rime drakes (shapeshifter) (D:13)
  A troll (D:13)
  A bush (Lair:5)
  13 fungi
  55 plants
73 creatures vanquished.

Grand Total: 707 creatures vanquished

Notes
Turn   | Place    | Note
-------+----------+-------------------------------------------
     0 | D:1      | ragingrage the Gnoll Earth Elementalist began the quest for
                  | the Orb.
     0 | D:1      | Reached XP level 1. HP: 13/13 MP: 6/6
    39 | D:1      | Reached XP level 2. HP: 18/20 MP: 4/7
   409 | D:1      | Reached skill level 5 in Spellcasting
   409 | D:1      | Reached XP level 3. HP: 17/25 MP: 2/9
   702 | D:1      | Reached skill level 1 in Invocations
   990 | D:1      | Reached skill level 1 in Fighting
   990 | D:1      | Reached skill level 1 in Short Blades
   990 | D:1      | Reached skill level 1 in Long Blades
   990 | D:1      | Reached skill level 1 in Axes
   990 | D:1      | Reached skill level 1 in Maces & Flails
   990 | D:1      | Reached skill level 1 in Polearms
   990 | D:1      | Reached skill level 1 in Staves
   990 | D:1      | Reached skill level 1 in Ranged Weapons
   990 | D:1      | Reached skill level 1 in Throwing
   990 | D:1      | Reached skill level 1 in Armour
   990 | D:1      | Reached skill level 1 in Shields
   990 | D:1      | Reached skill level 1 in Unarmed Combat
   990 | D:1      | Reached skill level 1 in Evocations
  1331 | D:2      | Noticed Jessica
  1337 | D:2      | Killed Jessica
  1338 | D:2      | Reached XP level 4. HP: 30/32 MP: 9/11
  1340 | D:2      | Reached skill level 1 in Conjurations
  1340 | D:2      | Reached skill level 1 in Hexes
  1340 | D:2      | Reached skill level 1 in Summonings
  1340 | D:2      | Reached skill level 1 in Necromancy
  1340 | D:2      | Reached skill level 1 in Translocations
  1340 | D:2      | Reached skill level 1 in Fire Magic
  1340 | D:2      | Reached skill level 1 in Ice Magic
  1340 | D:2      | Reached skill level 1 in Air Magic
  1340 | D:2      | Reached skill level 1 in Poison Magic
  1392 | D:2      | Noticed Natasha
  1397 | D:2      | Killed Natasha
  1914 | D:2      | Noticed Natasha
  1918 | D:2      | Killed Natasha
  1919 | D:2      | Reached XP level 5. HP: 37/37 MP: 9/12
  2016 | D:2      | Noticed Natasha
  2021 | D:2      | Killed Natasha
  2256 | D:3      | Learned a level 2 spell: Passwall
  2260 | D:3      | Learned a level 3 spell: Stone Arrow
  2397 | D:3      | Noticed a black bear
  2400 | D:3      | Killed a black bear
  2401 | D:3      | Reached skill level 5 in Dodging
  2401 | D:3      | Reached XP level 6. HP: 44/44 MP: 10/14
  3016 | D:3      | Found a faded altar of an unknown god.
  3533 | D:4      | Found a blossoming altar of Fedhas.
  3558 | D:4      | Reached XP level 7. HP: 43/51 MP: 7/15
  3773 | D:4      | Found a shimmering altar of Xom.
  3832 | D:5      | Entered Level 5 of the Dungeon
  3992 | D:5      | Found a hazy altar of Hepliaklqana.
  4035 | D:5      | Reached skill level 5 in Stealth
  4097 | D:5      | Found a broken altar of Ashenzari.
  4097 | D:5      | Identified the +10 dagger "Poyfyil" {drain, Drain Fly rElec
                  | Will+}
  4502 | D:5      | Reached XP level 8. HP: 58/58 MP: 12/16
  4973 | D:5      | Found a basalt altar of Yredelemnul.
  5053 | D:6      | Noticed Edmund
  5059 | D:6      | Killed Edmund
  5241 | D:6      | Found a staircase to the Ecumenical Temple.
  5249 | Temple   | Entered the Ecumenical Temple
  5394 | Temple   | Became a worshipper of Cheibriados the Contemplative
  5620 | D:6      | Reached XP level 9. HP: 65/65 MP: 10/18
  6453 | D:8      | Noticed a hornet
  6455 | D:8      | Killed a hornet
  6455 | D:8      | Reached * piety under Cheibriados
  6456 | D:8      | Reached skill level 5 in Invocations
  6564 | D:8      | Learned a level 2 spell: Searing Ray
  6603 | D:8      | Noticed Psyche
  6624 | D:8      | Killed Psyche
  7192 | D:7      | Reached skill level 5 in Fighting
  7192 | D:7      | Reached skill level 5 in Short Blades
  7192 | D:7      | Reached skill level 5 in Long Blades
  7192 | D:7      | Reached skill level 5 in Axes
  7192 | D:7      | Reached skill level 5 in Maces & Flails
  7192 | D:7      | Reached skill level 5 in Polearms
  7192 | D:7      | Reached skill level 5 in Staves
  7192 | D:7      | Reached skill level 5 in Ranged Weapons
  7192 | D:7      | Reached skill level 5 in Throwing
  7192 | D:7      | Reached skill level 5 in Armour
  7192 | D:7      | Reached skill level 5 in Shields
  7192 | D:7      | Reached skill level 5 in Unarmed Combat
  7192 | D:7      | Reached skill level 5 in Evocations
  7271 | D:7      | Reached XP level 10. HP: 74/74 MP: 17/20
  7593 | D:7      | Learned a level 2 spell: Wereblood
  7604 | D:7      | Reached ** piety under Cheibriados
  8272 | D:8      | Found a white marble altar of Elyvilon.
  9095 | D:9      | Reached skill level 5 in Transmutations
  9249 | D:10     | Entered Level 10 of the Dungeon
  9447 | D:10     | Reached *** piety under Cheibriados
  9645 | D:10     | Found an ancient bone altar of Kikubaaqudgha.
  9687 | D:9      | Found Lorraraf's Book Shop.
 10584 | D:10     | Reached **** piety under Cheibriados
 10585 | D:10     | Reached skill level 5 in Conjurations
 10585 | D:10     | Reached skill level 5 in Hexes
 10585 | D:10     | Reached skill level 5 in Summonings
 10585 | D:10     | Reached skill level 5 in Necromancy
 10585 | D:10     | Reached skill level 5 in Translocations
 10585 | D:10     | Reached skill level 5 in Fire Magic
 10585 | D:10     | Reached skill level 5 in Ice Magic
 10585 | D:10     | Reached skill level 5 in Air Magic
 10585 | D:10     | Reached skill level 5 in Poison Magic
 10669 | D:10     | Noticed a gargoyle
 10677 | D:10     | Reached XP level 11. HP: 76/81 MP: 18/22
 11425 | D:11     | Identified the +3 war axe of the Known World {drain, Will+}
 11522 | D:11     | Learned a level 3 spell: Vhi's Electric Charge
 11612 | D:11     | Found a staircase to the Lair.
 11613 | D:11     | Noticed a deep elf pyromancer
 11650 | D:11     | Killed a deep elf pyromancer
 11714 | D:11     | Noticed an oklob plant
 11714 | D:11     | Noticed an oklob plant
 11813 | D:11     | Noticed a purple ugly thing
 11818 | D:11     | Killed a purple ugly thing
 11948 | D:11     | Noticed a two-headed ogre
 11951 | D:11     | Killed a two-headed ogre
 12051 | D:11     | Noticed a cyclops
 12056 | D:11     | Killed a cyclops
 12250 | D:11     | Killed an oklob plant
 12319 | D:11     | Killed an oklob plant
 12396 | D:12     | Noticed a manticore
 12399 | D:12     | Noticed a boulder beetle
 12400 | D:12     | Killed a manticore
 12509 | D:12     | Noticed a two-headed ogre
 12510 | D:12     | Killed a two-headed ogre
 12517 | D:12     | Noticed a deep elf pyromancer
 12568 | D:12     | Killed a deep elf pyromancer
 12569 | D:12     | Reached XP level 12. HP: 60/91 MP: 3/24
 12780 | D:12     | Reached ***** piety under Cheibriados
 13007 | D:12     | Noticed a two-headed ogre
 13013 | D:12     | Killed a two-headed ogre
 13249 | D:12     | Learned a level 3 spell: Summon Guardian Golem
 13394 | D:12     | Found a glowing silver altar of Zin.
 13416 | D:12     | Found a staircase to the Orcish Mines.
 13561 | D:12     | Killed a boulder beetle
 13995 | Lair:1   | Entered Level 1 of the Lair of Beasts
 14056 | Lair:1   | Found a dark tunnel.
 14074 | Volcano  | Entered a volcano
 14104 | Volcano  | Noticed a stone giant
 14241 | Volcano  | Killed a stone giant
 14311 | Volcano  | Identified the +7 tower shield of the Countless Brambles
                  | {Will+ Dex+4}
 14682 | Lair:1   | Reached ****** piety under Cheibriados
 14755 | Lair:1   | Got the Atlas of Mutated Flames
 15815 | Lair:2   | Reached XP level 13. HP: 98/98 MP: 12/26
 15823 | Lair:2   | Learned a level 5 spell: Irradiate
 16733 | Lair:3   | Found a hole to the Spider Nest.
 16757 | Lair:3   | Reached skill level 10 in Spellcasting
 16983 | Lair:3   | Identified the +8 war axe of Adwiulaph {elec, Drain rElec
                  | rCorr Dex+3}
 17171 | Lair:3   | Found a large runed translucent door.
 17172 | Lair:3   | Found a large runed translucent door.
 17227 | Lair:3   | Noticed MrSquiggles's ghost (journeyman MiFi)
 17713 | Lair:4   | Found a staircase to the Slime Pits.
 17713 | Lair:4   | Found a viscous altar of Jiyva.
 18160 | Lair:4   | Reached skill level 10 in Dodging
 18610 | Lair:5   | Entered Level 5 of the Lair of Beasts
 19122 | Lair:5   | Reached skill level 10 in Stealth
 19378 | Lair:5   | Reached skill level 10 in Invocations
 19378 | Lair:5   | Reached XP level 14. HP: 108/108 MP: 18/28
 20970 | Lair:5   | Identified the +9 arbalest "Deerudwy" {vorpal, rC+}
 21798 | Lair:5   | Found a corrupted altar of Lugonu.
 21798 | Lair:5   | Found a one-way gate to the infinite horrors of the Abyss.
 22418 | Lair:3   | Found a staircase to the Shoals.
 22943 | Lair:2   | Identified the +11 long sword of Distant Worlds {protect,
                  | rPois rC+ Int+4}
 23293 | Orc:1    | Entered Level 1 of the Orcish Mines
 23779 | Orc:1    | Found Koesayrph's Book Boutique.
 23959 | Orc:2    | Entered Level 2 of the Orcish Mines
 24214 | Orc:2    | Reached skill level 10 in Earth Magic
 24260 | Orc:2    | Found Byocvuo's Armour Boutique.
 24272 | Orc:2    | Found Douson's Jewellery Emporium.
 24453 | Orc:2    | Found Taimnatea's Antique Armour Emporium.
 24453 | Orc:2    | Found Ylol Qipiux's Distillery.
 24456 | Orc:2    | Reached skill level 10 in Fighting
 24456 | Orc:2    | Reached skill level 10 in Short Blades
 24456 | Orc:2    | Reached skill level 10 in Long Blades
 24456 | Orc:2    | Reached skill level 10 in Axes
 24456 | Orc:2    | Reached skill level 10 in Maces & Flails
 24456 | Orc:2    | Reached skill level 10 in Polearms
 24456 | Orc:2    | Reached skill level 10 in Staves
 24456 | Orc:2    | Reached skill level 10 in Ranged Weapons
 24456 | Orc:2    | Reached skill level 10 in Throwing
 24456 | Orc:2    | Reached skill level 10 in Armour
 24456 | Orc:2    | Reached skill level 10 in Shields
 24456 | Orc:2    | Reached skill level 10 in Unarmed Combat
 24456 | Orc:2    | Reached skill level 10 in Evocations
 24480 | Orc:2    | Bought a potion of heal wounds for 60 gold pieces
 24480 | Orc:2    | Bought a potion of resistance for 120 gold pieces
 24480 | Orc:2    | Bought a potion of brilliance for 48 gold pieces
 24914 | Orc:2    | Found a staircase to the Elven Halls.
 25242 | D:13     | Noticed Azrael
 25253 | D:13     | Reached XP level 15. HP: 113/115 MP: 16/30
 25264 | D:13     | Killed Azrael
 25277 | D:13     | Noticed a tengu reaver
 25284 | D:13     | Killed from afar by a tengu reaver

Illustrated notes

Levels and vault maps discovered:
D:1:      saegor_arrival_simple_b, layout_basic
D:2:      layout_basic, kennysheep_jessica_study, uniq_natasha, uniq_jessica
D:3:      layout_basic, nicolae_ecumenical_oubliette
D:4:      layout_rooms, mainiacjoe_overflow_alcove_2, fedhas_altar_3
D:5:      layout_basic, nicolae_overflow_crystal_walls,
          nicolae_hepliaklqana_hazy_memory, yredelemnul_forgotten_temple_becter,
          serial_corexii_hall, corexii_hall_statues_t, corexii_hall_statues_x,
          chequers_serial_rivers_micro_d, minmay_circle_x
D:6:      layout_basic, temple_green, chequers_serial_rivers_small_a,
          uniq_edmund
D:7:      layout_basic, minmay_fractal_squares_diagonal_5
D:8:      minmay_inner_zag, layout_cave_pods, overflow_temple_1_default,
          minivault_23, uniq_psyche
D:9:      layout_rooms, serial_shops, nicolae_diamond_shop,
          corexii_hall_statues_s
D:10:     layout_loops_ring, nicolae_kikubaaqudgha_miasma_corner,
          roderic_serpentine_path, grunt_ministairs_3
D:11:     layout_basic, dpeg_oklobed_lair, st_stairs_3
D:12:     layout_basic, orc_0_dummy, drop_trap, chequers_garden, zin_treasury
D:13:     nzn_winding_woodlands_large [nzn_winding_woodlands_hourglass,
          nzn_winding_woodlands_5x15_pool,
          nzn_winding_woodlands_5x5_closed_star,
          nzn_winding_woodlands_center_triple_pond,
          nzn_winding_woodlands_15x15_five_gardens,
          nzn_winding_woodlands_center_diamonds,
          nzn_winding_woodlands_5x5_cross, nzn_winding_woodlands_5x15_eye,
          nzn_winding_woodlands_5x5_perimeter], layout_rooms, uniq_rupert,
          uniq_azrael, uniq_jorgrun, uniq_josephine
Temple:   nicolae_temple_bog_church
Lair:1:   lemuel_ratsnest, layout_small_grid, enter_volcano_1
Lair:2:   layout_regular_city
Lair:3:   layout_gridlike, elwin_shoals_entry_rooms, spider_nest_entry_rubble,
          ebering_ghost_disaster_area
Lair:4:   layout_small_grid, slime_entry_1, cheibrodos_lair_caveside_slide,
          grunt_megastairs_2
Lair:5:   hellmonk_lair_end_abyssal_woods, layout_big_grid,
          nicolae_quartered_pool_impasse
Orc:1:    cheibrodos_orc_guarddog, layout_caves, serial_shops, shop
Orc:2:    st_orc_town, layout_diamond_mine

Skill      XL: |  1  2  3  4  5  6  7  8  9 10 11 12 13 14 15 |
---------------+----------------------------------------------+-----
Transmutations | 2 3 4 5 6 7 8 |  8.8
Spellcasting   | 5 6 7 8 9 10 11 | 11.2
Invocations    | 1 2 3 4 5 6 7 8 10 11 | 11.0
Fighting       | 1 2 3 5 6 7 8 9 10 | 10.1
Short Blades   | 1 2 3 5 6 7 8 9 10 | 10.1
Long Blades    | 1 2 3 5 6 7 8 9 10 | 10.1
Axes           | 1 2 3 5 6 7 8 9 10 | 10.1
Maces & Flails | 1 2 3 5 6 7 8 9 10 | 10.1
Polearms       | 1 2 3 5 6 7 8 9 10 | 10.1
Staves         | 1 2 3 5 6 7 8 9 10 | 10.1
Ranged Weapons | 1 2 3 5 6 7 8 9 10 | 10.1
Throwing       | 1 2 3 5 6 7 8 9 10 | 10.1
Armour         | 1 2 3 5 6 7 8 9 10 | 10.1
Shields        | 1 2 3 5 6 7 8 9 10 | 10.1
Unarmed Combat | 1 2 3 5 6 7 8 9 10 | 10.1
Evocations     | 1 2 3 5 6 7 8 9 10 | 10.1
Conjurations   | 1 2 3 4 5 6 7 8 |  8.4
Hexes          | 1 2 3 4 5 6 7 8 |  8.4
Summonings     | 1 2 3 4 5 6 7 8 |  8.4
Necromancy     | 1 2 3 4 5 6 7 8 |  8.4
Translocations | 1 2 3 4 5 6 7 8 |  8.4
Fire Magic     | 1 2 3 4 5 6 7 8 |  8.4
Ice Magic      | 1 2 3 4 5 6 7 8 |  8.4
Air Magic      | 1 2 3 4 5 6 7 8 |  8.4
Poison Magic   | 1 2 3 4 5 6 7 8 |  8.4
Dodging        | 5 6 7 8 9 10 11 | 11.1
Stealth        | 5 6 7 8 9 10 | 10.9
Earth Magic    | 6 7 8 9 10 | 10.1

Action                   |  1- 3 |  4- 6 |  7- 9 | 10-12 | 13-15 || total
-------------------------+-------+-------+-------+-------+-------++-------
Melee: Unarmed           |     3 |       |       |       |       ||     3
       Dagger            |    41 |       |    48 |   287 |   549 ||   925
       Bite              |     5 |     1 |     4 |    32 |    80 ||   122
       Punch             |     1 |       |       |       |       ||     1
       Short sword       |       |    15 |     4 |       |       ||    19
Throw: Dart              |       |       |       |     6 |     2 ||     8
 Cast: Sandblast         |    39 |    69 |    96 |   118 |       ||   322
       Stone Arrow       |       |       |    35 |   149 |   311 ||   495
       Searing Ray       |       |       |       |     5 |       ||     5
       Wereblood         |       |       |       |     4 |    24 ||    28
       Summon Guardian G |       |       |       |     1 |       ||     1
       Irradiate         |       |       |       |       |     1 ||     1
Invok: Slouch            |       |       |       |     1 |     2 ||     3
Evoke: Wand              |       |       |     1 |     2 |     1 ||     4
       Box of beasts     |       |       |       |       |     2 ||     2
       Lightning rod     |       |       |       |       |     9 ||     9
  Use: Scroll            |       |       |     5 |     1 |     2 ||     8
       Potion            |       |       |     2 |     2 |       ||     4
 Stab: Sleeping          |       |       |     1 |     3 |     8 ||    12
Armor: Robe              |     8 |     5 |    18 |       |       ||    31
       Leather armour    |       |       |    21 |    15 |   125 ||   161
       Ring mail         |       |       |       |    40 |       ||    40
       Scale mail        |       |       |       |    47 |       ||    47
       Skin              |       |       |       |     2 |       ||     2
Dodge: Dodged            |    45 |    35 |    54 |   222 |   285 ||   641
Block: Buckler           |       |     1 |    23 |    71 |       ||    95
       Tower shield      |       |       |       |   163 |   936 ||  1099

Table legend: (Time is in decaauts)
 A = Elapsed time spent in this place.
 B = Non-inter-level travel time spent in this place.
 C = Inter-level travel time spent in this place.
 D = Time resting spent in this place.
 E = Time spent auto-exploring this place.
 F = Levels seen in this place.
 G = Mean time per level.
                   A        B        C        D        E       F      G
               +--------+--------+--------+--------+--------+-----+--------+
         Total |  33328 |  31399 |   1929 |   4810 |  21828 |  22 | 1514.9 |
       Dungeon |  17056 |  15941 |   1115 |   2880 |  10903 |  13 | 1312.0 |
        Temple |    154 |    132 |     22 |      0 |    119 |   1 |  154.0 |
          Lair |  12994 |  12294 |    700 |   1865 |   8574 |   5 | 2598.8 |
  Orcish Mines |   2681 |   2591 |     90 |     27 |   2070 |   2 | 1340.5 |
       Volcano |    441 |    441 |      0 |     37 |    161 |   1 |  441.0 |
               +--------+--------+--------+--------+--------+-----+--------+

Top non-repeatable levels by time:
  Lair:5: 4283 daAuts
  Lair:3: 2775 daAuts
  Lair:4: 2250 daAuts
    D:11: 2183 daAuts
     D:8: 2045 daAuts
  Lair:1: 2014 daAuts
    D:12: 1910 daAuts
   Orc:2: 1838 daAuts
  Lair:2: 1671 daAuts
    D:10: 1669 daAuts
     D:7: 1482 daAuts
     D:9: 1393 daAuts
     D:5: 1260 daAuts
     D:1: 1208 daAuts
     D:6: 1118 daAuts
